| TOP OF THE 1ST |
|
Greenwood Grizzlies batting - Pitching for Anderson Rebels : LHP Louis Whetstone
|
|
Pitching: LHP Louis Whetstone
|
|
|
Batting: RHB Dave Gallagher
|
0-0: Ball 1-0: Foul Ball, location: 2F 1-1: Ball 2-1: Foul Ball, location: 2F 2-2: Foul Ball, location: 2F 2-2: Ground out U3 (Groundball, 34S, EV 66.3 MPH)
|
|
Batting: LHB Daryl Boston
|
0-0: Ball 1-0: Called Strike 1-1: Swinging Strike 1-2: Foul Ball, location: 2F 1-2: Ball 2-2: Foul Ball, location: 2F 2-2: Foul Ball, location: 2F 2-2: Ball 3-2: Base on Balls
|
|
Batting: LHB Mike Greenwell
|
0-0: Ball 1-0: Ball 2-0: Ball 3-0: Called Strike 3-1: Foul Ball, location: 2F 3-2: Base on Balls Daryl Boston to second
|
|
Batting: RHB Kevin Mitchell
|
0-0: Called Strike 0-1: Ball 1-1: Foul Ball, location: 2F 1-2: Ball 2-2: Reached on error, E5 (Groundball, 5L, EV 77.5 MPH) Daryl Boston to third Mike Greenwell to second
|
|
Batting: RHB Jim Sherman
|
0-0: Ball 1-0: Swinging Strike 1-1: Called Strike 1-2: Foul Ball, location: 2F 1-2: Strikes out swinging
|
|
Batting: RHB George Chadwick
|
0-0: Ball 1-0: Ball 2-0: Swinging Strike 2-1: Foul Ball, location: 2F 2-2: Foul Ball, location: 2F 2-2: Ball 3-2: Foul Ball, location: 2F 3-2: Ground out 3-1 (Groundball, 34S, EV 87.5 MPH)
|
| Top of the 1st over - 0 runs, 0 hits, 1 error, 3 left on base; Greenwood 0 - Anderson 0 |
| BOTTOM OF THE 1ST |
|
Anderson Rebels batting - Pitching for Greenwood Grizzlies : RHP David Bulls
|
|
Pitching: RHP David Bulls
|
|
|
Batting: RHB Henry Cotto
|
0-0: Called Strike 0-1: Foul Ball, location: 2F 0-2: Ball 1-2: Strikes out swinging
|
|
Batting: RHB Edwin Quinones
|
0-0: Ball 1-0: Ball 2-0: Ground out 6-3 (Groundball, 6, EV 85.6 MPH)
|
|
Batting: RHB Rick Schu
|
0-0: Called Strike 0-1: Ball 1-1: Foul Ball, location: 2F 1-2: Reached on error, E3 (Groundball, 34, EV 83.1 MPH)
|
|
Batting: RHB Larry See
|
0-0: Ball 1-0: Called Strike Rick Schu steals 2nd base 1-1: Fly out, F7 (Flyball, 7, EV 80.6 MPH)
|
| Bottom of the 1st over - 0 runs, 0 hits, 1 error, 1 left on base; Greenwood 0 - Anderson 0 |
| TOP OF THE 2ND |
|
Greenwood Grizzlies batting - Pitching for Anderson Rebels : LHP Louis Whetstone
|
|
Batting: RHB Frank Castro
|
0-0: Ball 1-0: Foul Ball, location: 2F 1-1: Called Strike 1-2: Strikes out swinging
|
|
Batting: RHB Jordan Chavez
|
0-0: Ball 1-0: Ball 2-0: Ball 3-0: Foul Ball, location: 2F 3-1: Base on Balls
|
|
Batting: RHB Carlos Urias
|
0-0: Ball 1-0: Called Strike 1-1: Ball 2-1: Fielders Choice at 2nd, 1-6 (Groundball, 13, EV 73.8 MPH)
|
|
Batting: RHB Dave Gallagher
|
0-0: Ball 1-0: Foul Ball, location: 2F 1-1: Ball 2-1: Fielders Choice at 2nd, 6-4 (Groundball, 6, EV 109.4 MPH)
|
| Top of the 2nd over - 0 runs, 0 hits, 0 errors, 1 left on base; Greenwood 0 - Anderson 0 |
| BOTTOM OF THE 2ND |
|
Anderson Rebels batting - Pitching for Greenwood Grizzlies : RHP David Bulls
|
|
Batting: RHB Todd Demeter
|
0-0: Ball 1-0: Foul Ball, location: 2F 1-1: Foul Ball, location: 2F 1-2: Ball 2-2: Ball 3-2: Strikes out swinging
|
|
Batting: RHB Mike Gallego
|
0-0: Swinging Strike 0-1: Ball 1-1: Ground out 6-3 (Groundball, 6, EV 101.9 MPH)
|
|
Batting: RHB Guillermo Montiel
|
0-0: Ball 1-0: Ball 2-0: Ball 3-0: Called Strike 3-1: Swinging Strike 3-2: Strikes out swinging
|
| Bottom of the 2nd over - 0 runs, 0 hits, 0 errors, 0 left on base; Greenwood 0 - Anderson 0 |
| TOP OF THE 3RD |
|
Greenwood Grizzlies batting - Pitching for Anderson Rebels : LHP Louis Whetstone
|
|
Batting: LHB Daryl Boston
|
0-0: Called Strike 0-1: Ball 1-1: Foul Ball, location: 2F 1-2: Ball 2-2: Fly out, F7 (Flyball, 7LM, EV 83.1 MPH)
|
|
Batting: LHB Mike Greenwell
|
0-0: Called Strike 0-1: Called Strike 0-2: Strikes out looking
|
|
Batting: RHB Kevin Mitchell
|
0-0: Called Strike 0-1: Ball 1-1: Ball 2-1: Ball 3-1: SINGLE (Line Drive, 4MD, EV 96.9 MPH)
|
|
Batting: RHB Jim Sherman
|
0-0: Ball 1-0: Ball 2-0: Ball 3-0: Base on Balls Kevin Mitchell to second
|
|
Batting: RHB George Chadwick
|
0-0: Fly out, F8 (Flyball, 8RD, EV 103.1 MPH)
|
| Top of the 3rd over - 0 runs, 1 hit, 0 errors, 2 left on base; Greenwood 0 - Anderson 0 |
| BOTTOM OF THE 3RD |
|
Anderson Rebels batting - Pitching for Greenwood Grizzlies : RHP David Bulls
|
|
Batting: RHB Juan Blanco
|
0-0: Ball 1-0: Ball 2-0: Called Strike 2-1: Called Strike 2-2: Foul Ball, location: 2F 2-2: Ball 3-2: Foul Ball, location: 2F 3-2: Base on Balls
|
|
Batting: RHB Jose Bernhardt
|
0-0: Ball 1-0: Called Strike 1-1: 2-RUN HOME RUN (Line Drive, 7D, EV 98.8 MPH), Distance : 379 ft
|
|
Batting: RHB Henry Cotto
|
0-0: Ball 1-0: Bunt missed! 1-1: Ground out 5-3 (Groundball, 56S, EV 70.0 MPH)
|
|
Batting: RHB Edwin Quinones
|
0-0: Called Strike 0-1: Ball 1-1: Foul Ball, location: 2F 1-2: Fly out, F4 (Popup, 34S, EV 80.6 MPH)
|
|
Batting: RHB Rick Schu
|
0-0: Called Strike 0-1: Called Strike 0-2: Ball 1-2: Foul Ball, location: 2F 1-2: Ball 2-2: Foul Ball, location: 2F 2-2: SINGLE (Line Drive, 34D, EV 96.3 MPH)
|
|
Batting: RHB Larry See
|
0-0: Ball 1-0: Called Strike 1-1: Called Strike 1-2: Ball 2-2: Foul Ball, location: 2F 2-2: Ground out 4-3 (Groundball, 4, EV 85.0 MPH)
|
| Bottom of the 3rd over - 2 runs, 2 hits, 0 errors, 1 left on base; Greenwood 0 - Anderson 2 |
| TOP OF THE 4TH |
|
Greenwood Grizzlies batting - Pitching for Anderson Rebels : LHP Louis Whetstone
|
|
Batting: RHB Frank Castro
|
0-0: Ball 1-0: Foul Ball, location: 2F 1-1: Fly out, F7 (Flyball, 7LD, EV 88.8 MPH)
|
|
Batting: RHB Jordan Chavez
|
0-0: Ball 1-0: Called Strike 1-1: Ball 2-1: Fly out, F7 (Flyball, 7S, EV 90.6 MPH)
|
|
Batting: RHB Carlos Urias
|
0-0: Called Strike 0-1: Ground out 4-3 (Groundball, 4, EV 76.3 MPH)
|
| Top of the 4th over - 0 runs, 0 hits, 0 errors, 0 left on base; Greenwood 0 - Anderson 2 |
| BOTTOM OF THE 4TH |
|
Anderson Rebels batting - Pitching for Greenwood Grizzlies : RHP David Bulls
|
|
Batting: RHB Todd Demeter
|
0-0: Foul Ball, location: 2F 0-1: Ball 1-1: Reached on error, E6 (Groundball, 6M, EV 91.9 MPH)
|
|
Batting: RHB Mike Gallego
|
0-0: Ball 1-0: Fielders Choice at 2nd, 2-4 (Groundball, 15S, EV 70.6 MPH)
|
|
Batting: RHB Guillermo Montiel
|
0-0: Ball 1-0: Fly out, F9 (Flyball, 9LM, EV 94.4 MPH)
|
|
Batting: RHB Juan Blanco
|
0-0: Ball 1-0: Fielders Choice at 2nd, 6-4 (Groundball, 6, EV 86.3 MPH)
|
| Bottom of the 4th over - 0 runs, 0 hits, 1 error, 1 left on base; Greenwood 0 - Anderson 2 |
| TOP OF THE 5TH |
|
Greenwood Grizzlies batting - Pitching for Anderson Rebels : LHP Louis Whetstone
|
|
Batting: RHB Dave Gallagher
|
0-0: Fly out, F9 (Line Drive, 9, EV 88.1 MPH)
|
|
Batting: LHB Daryl Boston
|
0-0: Ball 1-0: Ground out U3 (Groundball, 3L, EV 89.4 MPH)
|
|
Batting: LHB Mike Greenwell
|
0-0: Ball 1-0: Called Strike 1-1: Fly out, F7 (Flyball, 7LD, EV 90.6 MPH)
|
| Top of the 5th over - 0 runs, 0 hits, 0 errors, 0 left on base; Greenwood 0 - Anderson 2 |
| BOTTOM OF THE 5TH |
|
Anderson Rebels batting - Pitching for Greenwood Grizzlies : RHP David Bulls
|
|
Batting: RHB Jose Bernhardt
|
0-0: SINGLE (Groundball, 56D, EV 98.1 MPH)
|
|
Batting: RHB Henry Cotto
|
0-0: Fielders Choice at 2nd, 3-6 (Groundball, 34, EV 99.4 MPH)
|
|
Batting: RHB Edwin Quinones
|
0-0: Ball Henry Cotto is caught stealing 2nd base 2-4 1-0: Ground out 5-3 (Groundball, 56S, EV 88.1 MPH)
|
| Bottom of the 5th over - 0 runs, 1 hit, 0 errors, 0 left on base; Greenwood 0 - Anderson 2 |
| TOP OF THE 6TH |
|
Greenwood Grizzlies batting - Pitching for Anderson Rebels : LHP Louis Whetstone
|
|
Batting: RHB Kevin Mitchell
|
0-0: Ball 1-0: Fly out, F6 (Flyball, 56D, EV 92.5 MPH)
|
|
Batting: RHB Jim Sherman
|
0-0: Ball 1-0: Ground out 4-3 (Groundball, 4S, EV 74.4 MPH)
|
|
Batting: RHB George Chadwick
|
0-0: Called Strike 0-1: Ball 1-1: Swinging Strike 1-2: Ball 2-2: Ball 3-2: Ground out 4-3 (Groundball, 34, EV 80.6 MPH)
|
| Top of the 6th over - 0 runs, 0 hits, 0 errors, 0 left on base; Greenwood 0 - Anderson 2 |
| BOTTOM OF THE 6TH |
|
Anderson Rebels batting - Pitching for Greenwood Grizzlies : RHP David Bulls
|
|
Batting: RHB Rick Schu
|
0-0: DOUBLE (Line Drive, 8LXD, EV 105.0 MPH) - OUT at third base trying to stretch hit.
|
|
Batting: RHB Larry See
|
0-0: Called Strike 0-1: Ball 1-1: Swinging Strike 1-2: Foul Ball, location: 2F 1-2: SINGLE (Flyball, 78S, EV 89.4 MPH)
|
|
Batting: RHB Todd Demeter
|
0-0: Ball 1-0: Called Strike 1-1: Foul Ball, location: 2F 1-2: Foul Ball, location: 2F 1-2: Foul Ball, location: 2F 1-2: Grounds into double play, 4-6-3 (Groundball, 4, EV 88.8 MPH)
|
| Bottom of the 6th over - 0 runs, 2 hits, 0 errors, 0 left on base; Greenwood 0 - Anderson 2 |
| TOP OF THE 7TH |
|
Greenwood Grizzlies batting - Pitching for Anderson Rebels : LHP Louis Whetstone
|
|
Batting: RHB Frank Castro
|
0-0: Foul Ball, location: 2F 0-1: Ground out 6-3 (Groundball, 6, EV 81.9 MPH)
|
|
Batting: RHB Jordan Chavez
|
0-0: Called Strike 0-1: Fly out, F9 (Line Drive, 9, EV 85.6 MPH)
|
|
Batting: RHB Carlos Urias
|
0-0: Ball 1-0: Ball 2-0: Foul Ball, location: 2F 2-1: Foul Ball, location: 2F 2-2: Fly out, F8 (Line Drive, 8RM, EV 91.3 MPH)
|
| Top of the 7th over - 0 runs, 0 hits, 0 errors, 0 left on base; Greenwood 0 - Anderson 2 |
| BOTTOM OF THE 7TH |
|
Anderson Rebels batting - Pitching for Greenwood Grizzlies : RHP David Bulls
|
|
Batting: RHB Mike Gallego
|
0-0: Ground out 4-3 (Groundball, 4, EV 108.1 MPH)
|
|
Batting: RHB Guillermo Montiel
|
0-0: Ball 1-0: Ball 2-0: Foul Ball, location: 2F 2-1: Fly out, F7 (Flyball, 78S, EV 86.9 MPH)
|
|
Batting: RHB Juan Blanco
|
0-0: Called Strike 0-1: Ground out 4-3 (Groundball, 34, EV 88.8 MPH)
|
| Bottom of the 7th over - 0 runs, 0 hits, 0 errors, 0 left on base; Greenwood 0 - Anderson 2 |
| TOP OF THE 8TH |
|
Greenwood Grizzlies batting - Pitching for Anderson Rebels : LHP Louis Whetstone
|
|
Batting: RHB Dave Gallagher
|
0-0: Fly out, F7 (Line Drive, 7, EV 93.1 MPH)
|
|
Batting: LHB Daryl Boston
|
0-0: Foul Ball, location: 2F 0-1: Ball 1-1: Ball 2-1: Foul Ball, location: 2F 2-2: Fly out, F9 (Flyball, 89D, EV 93.8 MPH)
|
|
Batting: LHB Mike Greenwell
|
0-0: Fly out, F9 (Flyball, 9, EV 85.0 MPH)
|
| Top of the 8th over - 0 runs, 0 hits, 0 errors, 0 left on base; Greenwood 0 - Anderson 2 |
| BOTTOM OF THE 8TH |
|
Anderson Rebels batting - Pitching for Greenwood Grizzlies : RHP David Bulls
|
|
Batting: RHB Jose Bernhardt
|
0-0: Called Strike 0-1: Ball 1-1: Foul Ball, location: 2F 1-2: Ball 2-2: Fly out, F8 (Flyball, 8LM, EV 79.4 MPH)
|
|
Batting: RHB Henry Cotto
|
0-0: Ball 1-0: Foul Ball, location: 2F 1-1: Foul Ball, location: 2F 1-2: Ball 2-2: Ground out 4-3 (Groundball, 34D, EV 111.9 MPH)
|
|
Batting: RHB Edwin Quinones
|
0-0: Ball 1-0: Ball 2-0: Ball 3-0: Base on Balls
|
|
Batting: RHB Rick Schu
|
0-0: Ball 1-0: Fielders Choice at 2nd, U6 (Groundball, 6M, EV 76.9 MPH)
|
| Bottom of the 8th over - 0 runs, 0 hits, 0 errors, 1 left on base; Greenwood 0 - Anderson 2 |
| TOP OF THE 9TH |
|
Greenwood Grizzlies batting - Pitching for Anderson Rebels : LHP Louis Whetstone
|
|
Batting: RHB Kevin Mitchell
|
0-0: Swinging Strike 0-1: Ball 1-1: Foul Ball, location: 2F 1-2: Foul Ball, location: 2F 1-2: Ground out 6-3 (Groundball, 6, EV 110.0 MPH)
|
|
Batting: RHB Jim Sherman
|
0-0: SINGLE (Line Drive, 89S, EV 101.9 MPH)
|
|
Batting: RHB George Chadwick
|
0-0: SINGLE (Line Drive, 34D, EV 93.8 MPH) Jim Sherman to second
|
|
Batting: RHB Frank Castro
|
0-0: Grounds into double play, 2-4-3 (Groundball, 15S, EV 71.3 MPH)
|
| Top of the 9th over - 0 runs, 2 hits, 0 errors, 1 left on base; Greenwood 0 - Anderson 2 |
|